 Dungeon Crawl Stone Soup version 0.31-a0-765-g67fe2935dc (webtiles) character file.

Game seed: 17666968352239993163

12043 thriggle the Cleaver (level 11, 0/83 HPs)
             Began as a Gnoll Wanderer on Sept 15, 2023.
             Was a Plaything of Xom.
             Slain by a boulder beetle (36 damage)
             ... on level 11 of the Dungeon.
             The game lasted 00:59:54 (11207 turns).

thriggle the Cleaver (Gnoll Wanderer)              Turns: 11207, Time: 00:59:55

Health: 0/83       AC: 21    Str: 12    XL:     11   Next: 87%
Magic:  2/21       EV: 14    Int: 11    God:    Xom [.*....]
Gold:   583        SH:  5    Dex: 12    Spells: 7/27 levels left

rFire   x . .        J - +6 battleaxe (protect)
rCold   . . .        (shield currently unavailable)
rNeg    . . .        q - +2 steam dragon scales
rPois   .            j - +0 helmet
rElec   .            u - +1 cloak
rCorr   .            n - +1 pair of gloves
SInv    .            o - +1 pair of boots
Will    .....        k - amulet of reflection
Stlth   +++          y - +4 ring of protection
HPRegen 0.33/turn    (no ring)
MPRegen 0.17/turn

%: reflection
@: no status effects
A: fangs 1, strong nose, distributed training, deterioration 1, low MP 1,
teleportitis 1, weak 2, heat vulnerability 1
a: Renounce Religion


You were on level 11 of the Dungeon.
You worshipped Xom.
You were a plaything of Xom.
You visited 1 branch of the dungeon, and saw 11 of its levels.
You also visited: Sewer and Bailey.

You collected 817 gold pieces.
You spent 234 gold pieces at shops.

Inventory:

Hand Weapons
 a - a +0 hand axe
 e - a +1 spear of flaming
 g - a +2 dagger of electrocution
 E - a +2 dire flail
 J - a +6 battleaxe of protection (weapon)
 K - a +3 trident of draining
Missiles
 b - a curare-tipped dart
 i - 25 poisoned darts
 s - 3 boomerangs
 A - 5 javelins
 Q - 26 stones
Armour
 j - a +0 helmet (worn)
 n - a +1 pair of gloves (worn)
 o - a +1 pair of boots (worn)
 q - +2 steam dragon scales (worn)
 u - a +1 cloak (worn)
 C - a scarf of resistance
 I - a +2 robe of fire resistance
 L - an orb of mayhem
Magical Staves
 H - a staff of fire
 V - the staff "Kemun" {rCorr Str+4 Conj}
   (Xom gifted it to you on level 10 of the Dungeon)

   [staff of conjuration]

   Base accuracy: +5 Base damage: 5 Base attack delay: 1.2 This weapon's minimum
   attack delay (0.6) is reached at skill level 12.
   Str+4:     It affects your strength (+4).
   rCorr:     It protects you from acid and corrosion.
   Conj:      It increases the power of your Conjurations spells.
   It falls into the 'Staves' category.
   It is a one-handed weapon.
Jewellery
 k - an amulet of reflection (around neck)
 r - an amulet of the acrobat
 y - a +4 ring of protection (left hand)
Talismans
 m - a flux talisman
 T - a blade talisman
Wands
 x - a wand of polymorph (8)
 D - a wand of roots (19)
 F - a wand of digging (2)
Scrolls
 d - 3 scrolls of immolation
 f - 2 scrolls of summoning
 p - 3 scrolls of enchant weapon
 t - 6 scrolls of fog
 v - 2 scrolls of blinking
 w - a scroll of poison
 G - 2 scrolls of identify
 U - a scroll of fear
 W - a scroll of amnesia
Potions
 c - 2 potions of haste
 h - 6 potions of brilliance
 l - 8 potions of curing
 z - a potion of degeneration
 B - a potion of lignification
 N - a potion of invisibility
 O - 3 potions of cancellation
 P - a potion of might
 R - a potion of attraction
 S - a potion of berserk rage


   Skills:
 + Level 6.8 Fighting
 + Level 6.8 Short Blades
 + Level 6.8 Long Blades
 + Level 9.5 Axes
 + Level 6.8 Maces & Flails
 + Level 6.8 Polearms
 + Level 6.8 Staves
 + Level 6.8 Ranged Weapons
 + Level 6.8 Throwing
 + Level 8.3 Armour
 + Level 6.8 Dodging
 + Level 6.8 Stealth
 + Level 6.8 Shields
 + Level 6.8 Unarmed Combat
 + Level 8.5 Spellcasting
 + Level 8.0 Conjurations
 + Level 5.6 Hexes
 + Level 5.6 Summonings
 + Level 5.6 Necromancy
 + Level 5.6 Translocations
 + Level 5.6 Transmutations
 + Level 5.6 Fire Magic
 + Level 5.6 Ice Magic
 + Level 5.6 Air Magic
 + Level 5.6 Earth Magic
 + Level 5.6 Poison Magic
 + Level 7.5 Invocations
 + Level 6.8 Evocations
 + Level 6.2 Shapeshifting


You had 7 spell levels left.
You knew the following spells:

 Your Spells              Type           Power      Damage    Failure   Level
a - Foxfire               Conj/Fire      76%        2x1d7     1%          1
b - Momentum Strike       Conj/Tloc      38%        3d9       1%          2
c - Blink                 Tloc           34%        N/A       2%          2
d - Scorch                Fire           34%        2d6       2%          2
e - Flame Wave            Conj/Fire      19%        2d7       9%          4
f - Sticky Flame          Conj/Fire      19%        2d4       9%          4
g - Freezing Cloud        Conj/Ice/Air   9%         6-21      28%         5

Your spell library contained the following spells:

 Spells                   Type           Power      Damage    Failure   Level
 Shock                    Conj/Air       76%        1d7       1%          1
 Cigotuvi's Dreadful Rot  Necr/Pois/Air  34%        N/A       2%          2
 Lesser Beckoning         Tloc           34%        N/A       2%          2
 Wereblood                Tmut           17%        N/A       2%          2
 Ignite Poison            Fire/Tmut/Pois 17%        N/A       4%          3
 Inner Flame              Hex/Fire       17%        N/A       4%          3
 Irradiate                Conj/Tmut      9%         3d14      26%         5
 Summon Cactus Giant      Summ           8%         N/A       92%         6


Dungeon Overview and Level Annotations

Branches:
Dungeon (11/15)            Temple (0/1) D:4            Lair (0/5) D:9
  Sewer (visited)          Bailey (visited)
    Orc: D:9-12

Altars:
Ashenzari
Dithmenos
Gozag
Hepliaklqana
Kikubaaqudgha
Okawaru
Qazlal
Ru
Sif Muna
Trog
Vehumet
Wu Jian
Xom
Yredelemnul
Zin
The Shining One

Shops:
D:3 !   D:6 =   D:8 ?(   D:11 *

Portals:
Trove: D:10 (give +3 storm dragon scales)

Annotations:
D:8 1 runed translucent door, GigaChad's ghost, novice FoFi
D:11 2 transporters, SirDiesAlot's ghost, journeyman OgFE


Innate Abilities, Weirdness & Mutations

You have very sharp teeth.
Your uncanny sense of smell can sniff out nearby items.
Your experience applies equally to all skills.
Your body sometimes deteriorates upon taking damage.
Your magical capacity is low. (-10% MP)
You are occasionally teleported next to monsters.
You are very weak. (Str -4)
You are vulnerable to heat. (rF-)


Message History

The boulder beetle is lightly wounded.
The boulder beetle's fire resistance burns away.
Xom's power touches on your mind for a moment.
The boulder beetle looks rather confused.
You are now a plaything of Xom.
The boulder beetle seems less confused.
The boulder beetle misses you.
You hit the boulder beetle but do no damage.
You bite the boulder beetle, but do no damage.
The boulder beetle is lightly wounded.
The boulder beetle bites you but does no damage.
Casting: Scorch (safe; 2% risk of failure)
Confirm with . or Enter, or press ? or * to list all spells.
Okay, then.
You hit the boulder beetle but do no damage.
You bite the boulder beetle, but do no damage.
The boulder beetle is no longer more vulnerable to fire.
You block the boulder beetle's attack.
The boulder beetle completely misses you.
You slash the boulder beetle!
The boulder beetle is lightly wounded.
The boulder beetle bites you but does no damage.
You hit the boulder beetle.
You bite the boulder beetle, but do no damage.
The boulder beetle is lightly wounded.
The boulder beetle bites you but does no damage.
You hit the boulder beetle but do no damage.
The boulder beetle is lightly wounded.
The boulder beetle bites you but does no damage.
Casting: Scorch (safe; 2% risk of failure)
Confirm with . or Enter, or press ? or * to list all spells.
Okay, then.
You hit the boulder beetle but do no damage.
The boulder beetle is lightly wounded.
The boulder beetle leaps!
The boulder beetle curls into a ball and begins rolling!
The electric eel shoots out a bolt of lightning at you!
The bolt of electricity hits you! The boulder beetle hits you!!!
You die...
Xom cackles wildly!

...........## ...#
.........#.##...###
......##.#........#
..................#
.#......#.#......#
#.....####...##.####
...... ##.##.....#
..###..##.........##
. ..........@.....#
?........##B†..##
.......$>###○#.$#
........)##.°#...#
.........#.... ..#
..................#
............B.#.###
~.~~~SS.....°####
≈S......#


You could see a boulder beetle (rolling).

Vanquished Creatures
  Josephine (D:10)
  2 boulder beetles
  3 two-headed ogres
  An ugly thing (D:11)
  Pikel (D:6)
  Jeremiah (D:8)
  A komodo dragon (D:11)
  3 trolls
  Prince Ribbit (D:5)
  A blink frog (D:7)
  Sigmund (D:5)
  A shadow (D:11)
  3 wraiths (D:10)
  A wyvern (D:9)
  Grum (D:10)
  Eustachio (D:5)
  A steam dragon (D:5)
  Edmund (D:6)
  An acid dragon (D:9)
  A water moccasin (D:5)
  A sky beast (D:7)
  8 orc warriors
  A black bear (D:5)
  An ice beast (D:8)
  4 wolves
  4 centaurs
  A kobold brigand (D:9)
  5 bullfrogs
  7 scorpions
  4 wights (D:8)
  13 killer bees
  3 howler monkeys
  3 electric eels
  A jelly (D:8)
  10 hounds
  3 orc priests
  A gnoll bouda (D:10)
  2 iguanas (D:6)
  A sleepcap (D:6)
  5 orc wizards
  3 gnolls (D:10)
  10 adders
  3 white imps
  2 worms
  3 dart slugs
  32 orcs
  14 ball pythons
  5 endoplasms
  10 giant cockroaches
  13 goblins
  8 hobgoblins
  4 jackals
  10 quokkas
  6 bats
  9 frilled lizards
  10 kobolds
  8 rats
255 creatures vanquished.

Vanquished Creatures (collateral kills)
  A black bear (D:5)
  2 orc warriors (Bailey)
  3 orcs
6 creatures vanquished.

Vanquished Creatures (others)
  A wight (D:8)
  91 foxfires
92 creatures vanquished.

Grand Total: 353 creatures vanquished

Notes
Turn   | Place    | Note
-------+----------+-------------------------------------------
     0 | D:1      | thriggle the Gnoll Wanderer began the quest for the Orb.
     0 | D:1      | thriggle set off with the following items: a +0 hand axe, a
                  | +0 ring mail, a potion of berserk rage; and the following
                  | spells available to memorise: Foxfire, Shock, Flame Wave.
     0 | D:1      | Reached XP level 1. HP: 13/13 MP: 6/6
    14 | D:1      | Learned a level 1 spell: Foxfire
   176 | D:1      | Reached XP level 2. HP: 19/19 MP: 5/7
   514 | D:1      | Reached skill level 5 in Spellcasting
   514 | D:1      | Reached XP level 3. HP: 24/25 MP: 7/9
   971 | D:1      | Reached skill level 1 in Invocations
  1266 | D:2      | Reached skill level 1 in Fighting
  1266 | D:2      | Reached skill level 1 in Short Blades
  1266 | D:2      | Reached skill level 1 in Long Blades
  1266 | D:2      | Reached skill level 1 in Maces & Flails
  1266 | D:2      | Reached skill level 1 in Polearms
  1266 | D:2      | Reached skill level 1 in Staves
  1266 | D:2      | Reached skill level 1 in Ranged Weapons
  1266 | D:2      | Reached skill level 1 in Throwing
  1266 | D:2      | Reached skill level 1 in Dodging
  1266 | D:2      | Reached skill level 1 in Stealth
  1266 | D:2      | Reached skill level 1 in Shields
  1266 | D:2      | Reached skill level 1 in Unarmed Combat
  1266 | D:2      | Reached skill level 1 in Evocations
  1330 | D:2      | Reached skill level 1 in Shapeshifting
  1330 | D:2      | Reached XP level 4. HP: 32/32 MP: 11/11
  1700 | D:3      | Reached skill level 1 in Hexes
  1700 | D:3      | Reached skill level 1 in Summonings
  1700 | D:3      | Reached skill level 1 in Necromancy
  1700 | D:3      | Reached skill level 1 in Translocations
  1700 | D:3      | Reached skill level 1 in Transmutations
  1700 | D:3      | Reached skill level 1 in Fire Magic
  1700 | D:3      | Reached skill level 1 in Ice Magic
  1700 | D:3      | Reached skill level 1 in Air Magic
  1700 | D:3      | Reached skill level 1 in Earth Magic
  1700 | D:3      | Reached skill level 1 in Poison Magic
  1711 | D:3      | Found a glowing drain.
  1752 | Sewer    | Entered a sewer
  1805 | Sewer    | Reached XP level 5. HP: 37/37 MP: 10/12
  2007 | Sewer    | Reached XP level 6. HP: 18/44 MP: 12/14
  2028 | Sewer    | Learned a level 2 spell: Momentum Strike
  2388 | D:3      | Found Xiosch's Distillery.
  2470 | D:3      | Reached skill level 5 in Armour
  2499 | D:3      | Bought a potion of degeneration for 12 gold pieces
  2499 | D:3      | Bought a potion of curing for 36 gold pieces
  2499 | D:3      | Bought a potion of heal wounds for 60 gold pieces
  2499 | D:3      | Bought a potion of lignification for 36 gold pieces
  3107 | D:4      | Found a shimmering altar of Xom.
  3120 | D:4      | Became a worshipper of Xom the Chaotic
  3211 | D:4      | Reached skill level 7 in Axes
  3211 | D:4      | Reached XP level 7. HP: 40/50 MP: 15/15
  3300 | D:4      | Found a staircase to the Ecumenical Temple.
  3326 | D:4      | XOM: divination: magic mapping
  3500 | D:5      | Entered Level 5 of the Dungeon
  3503 | D:5      | XOM: divination: detect creatures
  3510 | D:5      | Noticed Eustachio
  3510 | D:5      | Noticed a steam dragon
  3531 | D:5      | Killed a steam dragon
  3536 | D:5      | XOM: summons friendly quasit
  3543 | D:5      | Killed Eustachio
  3610 | D:5      | XOM: summons friendly crimson imp
  3625 | D:5      | Reached XP level 8. HP: 56/57 MP: 14/16
  3696 | D:5      | Noticed Prince Ribbit
  3709 | D:5      | XOM: god gift: 18 gold pieces
  3714 | D:5      | Killed Prince Ribbit
  3921 | D:5      | XOM: 1-stop teleportation journey
  3968 | D:5      | XOM: destruction
  4081 | D:5      | Found a sacrificial altar of Ru.
  4121 | D:5      | Noticed Sigmund
  4126 | D:5      | Killed Sigmund
  4375 | D:5      | XOM: silly message
  4389 | D:5      | Learned a level 2 spell: Blink
  4392 | D:5      | Learned a level 2 spell: Scorch
  4416 | D:5      | XOM: scenery: create altars
  4617 | D:6      | Found a hazy altar of Hepliaklqana.
  4721 | D:6      | Noticed Pikel
  4723 | D:6      | XOM: destruction
  4728 | D:6      | XOM: cast spell 'Leda's Liquefaction'
  4734 | D:6      | XOM: divination: detect items
  4741 | D:6      | Killed Pikel
  4742 | D:6      | Reached XP level 9. HP: 58/65 MP: 8/18
  4836 | D:6      | Noticed Edmund
  4845 | D:6      | XOM: confuse monster(s)
  4849 | D:6      | XOM: enchant monster (bad)
  4852 | D:6      | Killed Edmund
  4863 | D:6      | XOM: silly message
  4881 | D:6      | XOM: 2-stop teleportation journey
  4891 | D:6      | XOM: summons 5 hostile demons
  4892 | D:6      | Noticed a sun demon
  4909 | D:6      | Found Ubbethru's Jewellery Boutique.
  5171 | D:6      | Found Zin's Purification Station.
  5173 | D:6      | Found a glowing silver altar of Zin.
  5183 | D:6      | Bought a potion of curing for 90 gold pieces
  5560 | D:7      | Reached skill level 8 in Axes
  5711 | D:7      | Found a broken altar of Ashenzari.
  5713 | D:7      | XOM: give mutations
  5713 | D:7      | Gained mutation: Your body sometimes deteriorates upon
                  | taking damage. [Xom's mischief]
  5713 | D:7      | Gained mutation: You are dopey. (Int -2) [Xom's mischief]
  5713 | D:7      | Gained mutation: You occasionally lose the ability to drink
                  | potions when taking damage. [Xom's mischief]
  5713 | D:7      | Gained mutation: You are vulnerable to heat. (rF-) [Xom's
                  | mischief]
  5936 | D:7      | XOM: noise
  5952 | D:7      | Reached skill level 5 in Invocations
  5985 | D:7      | XOM: polymorph water moccasin -> blink frog
  5991 | D:7      | XOM: swap monsters
  6164 | D:7      | XOM: give mutations
  6164 | D:7      | Gained mutation: You have an increased reservoir of magic.
                  | (+10% MP) [Xom's mischief]
  6164 | D:7      | Lost mutation: You have an increased reservoir of magic.
                  | (+10% MP) [Xom's mischief]
  6164 | D:7      | Lost mutation: You occasionally lose the ability to drink
                  | potions when taking damage. [Xom's mischief]
  6175 | D:7      | Learned a level 4 spell: Flame Wave
  6577 | D:8      | XOM: give mutations
  6577 | D:8      | Lost mutation: You are dopey. (Int -2) [Xom's mischief]
  6577 | D:8      | Gained mutation: You are very vulnerable to heat. (rF--)
                  | [Xom's mischief]
  6577 | D:8      | Lost mutation: You are very vulnerable to heat. (rF--)
                  | [Xom's mischief]
  6577 | D:8      | Gained mutation: You are weak. (Str -2) [Xom's mischief]
  6710 | D:8      | XOM: summons 5 hostile demons
  6711 | D:8      | Noticed an orange demon
  6784 | D:8      | Found a runed translucent door.
  6784 | D:8      | Noticed GigaChad's ghost (novice FoFi)
  7256 | D:8      | Found Faybopa's Weapon Shop.
  7385 | D:8      | XOM: 1-stop teleportation journey
  7477 | D:8      | XOM: summons 5 hostile demons
  7478 | D:8      | Noticed a smoke demon
  7493 | D:8      | Reached XP level 10. HP: 73/73 MP: 2/20
  7559 | D:8      | Noticed Jeremiah
  7625 | D:8      | XOM: summons 1 hostile demon
  7693 | D:8      | Reached skill level 5 in Fighting
  7693 | D:8      | Reached skill level 5 in Short Blades
  7693 | D:8      | Reached skill level 5 in Long Blades
  7693 | D:8      | Reached skill level 5 in Maces & Flails
  7693 | D:8      | Reached skill level 5 in Polearms
  7693 | D:8      | Reached skill level 5 in Staves
  7693 | D:8      | Reached skill level 5 in Ranged Weapons
  7693 | D:8      | Reached skill level 5 in Throwing
  7693 | D:8      | Reached skill level 5 in Dodging
  7693 | D:8      | Reached skill level 5 in Stealth
  7693 | D:8      | Reached skill level 5 in Shields
  7693 | D:8      | Reached skill level 5 in Unarmed Combat
  7693 | D:8      | Reached skill level 5 in Evocations
  7714 | D:8      | Found Ekkybo's Magic Scroll Shop.
  7803 | D:8      | Killed Jeremiah
  8131 | D:9      | XOM: draining
  8208 | D:9      | Found a staircase to the Lair.
  8221 | D:9      | Found a flagged portal.
  8236 | Bailey   | Entered a bailey
  8349 | Bailey   | XOM: 1-stop teleportation journey
  8362 | Bailey   | Reached skill level 5 in Shapeshifting
  8436 | Bailey   | XOM: summons 8 friendly demons
  8524 | Bailey   | XOM: chaos cloud
  8871 | D:9      | Noticed a two-headed ogre
  8874 | D:9      | XOM: enchant monster (good)
  8880 | D:9      | Killed a two-headed ogre
  9126 | D:9      | XOM: cloud trail
  9180 | D:9      | Reached XP level 11. HP: 75/81 MP: 22/22
  9253 | D:9      | Reached skill level 9 in Axes
  9328 | D:9      | Found an iron altar of Okawaru.
  9330 | D:9      | Found an ornate altar of the Wu Jian Council.
  9331 | D:9      | Found a stormy altar of Qazlal.
  9336 | D:9      | Found a glowing golden altar of the Shining One.
  9337 | D:9      | Found an opulent altar of Gozag.
  9339 | D:9      | Found a bloodstained altar of Trog.
  9340 | D:9      | Found a basalt altar of Yredelemnul.
  9342 | D:9      | Found a shadowy altar of Dithmenos.
  9346 | D:9      | Found an ancient bone altar of Kikubaaqudgha.
  9347 | D:9      | Found a radiant altar of Vehumet.
  9555 | D:10     | Entered Level 10 of the Dungeon
  9561 | D:10     | Noticed a two-headed ogre
  9564 | D:10     | XOM: enchant monster (good)
  9594 | D:10     | XOM: butterfly on damage
  9598 | D:10     | Reached skill level 5 in Hexes
  9598 | D:10     | Reached skill level 5 in Summonings
  9598 | D:10     | Reached skill level 5 in Necromancy
  9598 | D:10     | Reached skill level 5 in Translocations
  9598 | D:10     | Reached skill level 5 in Transmutations
  9598 | D:10     | Reached skill level 5 in Fire Magic
  9598 | D:10     | Reached skill level 5 in Ice Magic
  9598 | D:10     | Reached skill level 5 in Air Magic
  9598 | D:10     | Reached skill level 5 in Earth Magic
  9598 | D:10     | Reached skill level 5 in Poison Magic
  9598 | D:10     | XOM: swap monsters
  9600 | D:10     | XOM: chaos upgrade
  9604 | D:10     | Killed a two-headed ogre
  9819 | D:10     | Found a shimmering blue altar of Sif Muna.
  9898 | D:10     | Noticed Josephine
  9905 | D:10     | XOM: confuse monster(s)
  9938 | D:10     | Killed Josephine
  9978 | D:10     | XOM: summons 1 hostile shadow creature
  9981 | D:10     | XOM: give mutations
  9981 | D:10     | Gained mutation: You are very weak. (Str -4) [Xom's
                  | mischief]
  9981 | D:10     | Gained mutation: Your magical capacity is low. (-10% MP)
                  | [Xom's mischief]
  9981 | D:10     | Gained mutation: You are occasionally teleported next to
                  | monsters. [Xom's mischief]
 10025 | D:10     | Identified the staff "Kemun" {rCorr Str+4 Conj} (Xom gifted
                  | it to you on level 10 of the Dungeon)
 10025 | D:10     | XOM: god gift: staff "Kemun" {rCorr Str+4 Conj}
 10033 | D:10     | Learned a level 4 spell: Sticky Flame
 10039 | D:10     | Learned a level 5 spell: Freezing Cloud
 10165 | D:10     | Found a portal to a secret trove of treasure.
 10206 | D:10     | XOM: god gift: robe {god gift}
 10258 | D:10     | Noticed Grum
 10258 | D:10     | XOM: 6-stop teleportation journey
 10275 | D:10     | Killed Grum
 10569 | D:10     | XOM: confusion (+ monsters)
 10704 | D:10     | Noticed a two-headed ogre
 10713 | D:10     | Killed a two-headed ogre
 10716 | D:10     | XOM: silly message
 10763 | D:10     | Noticed a boulder beetle
 10772 | D:10     | Killed a boulder beetle
 10862 | D:10     | XOM: silly message
 10938 | D:11     | Found Obyd Yme's Assorted Antiques.
 10954 | D:11     | Noticed a purple ugly thing
 10962 | D:11     | Killed a purple ugly thing
 11002 | D:11     | Found a transporter.
 11044 | D:11     | Found a transporter.
 11050 | D:11     | Noticed SirDiesAlot's ghost (journeyman OgFE)
 11168 | D:11     | Noticed a boulder beetle
 11180 | D:11     | Noticed a boulder beetle
 11194 | D:11     | Killed a boulder beetle
 11197 | D:11     | XOM: confuse monster(s)
 11207 | D:11     | Slain by a boulder beetle

Illustrated notes

Levels and vault maps discovered:
D:1:      minmay_arrival_four_loops, layout_basic
D:2:      layout_rooms
D:3:      layout_loops_cross, serial_shops, nicolae_shop_waterfront,
          portal_sewer_entry_b
D:4:      layout_cave_pools, xom_butterflies, minmay_temple_entry_sparse_star
D:5:      layout_cave_pods, mainiacjoe_overflow_boulevard, uniq_sigmund,
          uniq_eustachio, uniq_prince_ribbit1
D:6:      layout_loops_ring, nicolae_hepliaklqana_hazy_memory, zin_purify,
          serial_shops, nicolae_lakefront_shop, st_stairs_6,
          dreamdust_princess_bridge, uniq_edmund, uniq_pikel
D:7:      layout_basic, mainiacjoe_overflow_24_doors
D:8:      layout_loops_corners, gammafunk_ghost_grave, serial_shops, shop, shop,
          lemuel_flame_loot_1, uniq_jeremiah
D:9:      layout_basic, nicolae_overflow_hallway_of_the_gods, erik_lair_island,
          enter_bailey_5
D:10:     layout_long_grid, kennysheep_orc_sif_temple,
          nicolae_trove_entry_crystal, nrook_pool_corridor, uniq_grum,
          uniq_josephine
D:11:     layout_cave_pools, gammafunk_ghost_hive, serial_shops,
          nicolae_diamond_shop, minivault_14

Skill      XL: |  1  2  3  4  5  6  7  8  9 10 11 |
---------------+----------------------------------+-----
Spellcasting   | 5 6 7 8 |  8.5
Invocations    | 1 2 3 4 5 6 7 |  7.5
Fighting       | 1 2 4 5 6 |  6.8
Short Blades   | 1 2 4 5 6 |  6.8
Long Blades    | 1 2 4 5 6 |  6.8
Maces & Flails | 1 2 4 5 6 |  6.8
Polearms       | 1 2 4 5 6 |  6.8
Staves         | 1 2 4 5 6 |  6.8
Ranged Weapons | 1 2 4 5 6 |  6.8
Throwing       | 1 2 4 5 6 |  6.8
Dodging        | 1 2 4 5 6 |  6.8
Stealth        | 1 2 4 5 6 |  6.8
Shields        | 1 2 4 5 6 |  6.8
Unarmed Combat | 1 2 4 5 6 |  6.8
Evocations     | 1 2 4 5 6 |  6.8
Shapeshifting  | 1 2 3 4 5 6 |  6.2
Hexes          | 1 2 3 4 5 |  5.6
Summonings     | 1 2 3 4 5 |  5.6
Necromancy     | 1 2 3 4 5 |  5.6
Translocations | 1 2 3 4 5 |  5.6
Transmutations | 1 2 3 4 5 |  5.6
Fire Magic     | 1 2 3 4 5 |  5.6
Ice Magic      | 1 2 3 4 5 |  5.6
Air Magic      | 1 2 3 4 5 |  5.6
Earth Magic    | 1 2 3 4 5 |  5.6
Poison Magic   | 1 2 3 4 5 |  5.6
Armour         | 5 6 7 8 |  8.3
Axes           | 7 8 9 |  9.5
Conjurations   | 6 7 8 |  8.0

Action                     |  1- 3 |  4- 6 |  7- 9 | 10-12 || total
---------------------------+-------+-------+-------+-------++-------
  Melee: Hand axe          |   145 |   238 |   151 |    24 ||   558
         Bite              |    11 |    13 |    20 |    31 ||    75
         Punch             |     2 |     6 |    11 |     1 ||    20
         Spear             |       |       |    26 |    16 ||    42
         Dagger            |       |       |    90 |       ||    90
         Staff             |       |       |     9 |     8 ||    17
         Battleaxe         |       |       |       |   230 ||   230
   Cast: Foxfire           |     4 |    18 |    29 |     7 ||    58
         Momentum Strike   |       |     1 |    19 |    11 ||    31
         Scorch            |       |       |     5 |    10 ||    15
         Blink             |       |       |     1 |       ||     1
         Flame Wave        |       |       |     6 |    10 ||    16
         Sticky Flame      |       |       |       |     3 ||     3
         Freezing Cloud    |       |       |       |     2 ||     2
    Use: Scroll            |     3 |     4 |     8 |     9 ||    24
         Potion            |       |     5 |     4 |     5 ||    14
   Stab: Sleeping          |       |     1 |     3 |     3 ||     7
         Distracted        |       |       |     1 |     1 ||     2
         Confused          |       |       |     1 |     2 ||     3
         Paralysed         |       |       |       |     4 ||     4
 Armour: Ring mail         |    87 |   128 |    28 |       ||   243
         Steam dragon scal |       |       |   186 |   312 ||   498
         Skin              |       |       |       |    11 ||    11
  Dodge: Dodged            |    90 |   120 |   150 |   310 ||   670
  Block: Other             |    23 |    51 |    79 |   109 ||   262
         Reflection        |       |     1 |     2 |     3 ||     6

Table legend: (Time is in decaauts)
 A = Elapsed time spent in this place.
 B = Non-inter-level travel time spent in this place.
 C = Inter-level travel time spent in this place.
 D = Time resting spent in this place.
 E = Time spent auto-exploring this place.
 F = Levels seen in this place.
 G = Mean time per level.
                   A        B        C        D        E       F      G
               +--------+--------+--------+--------+--------+-----+--------+
         Total |  11274 |  10964 |    310 |    388 |   7038 |  13 |  867.2 |
       Dungeon |  10237 |   9927 |    310 |    257 |   6767 |  11 |  930.6 |
         Sewer |    588 |    588 |      0 |      0 |    203 |   1 |  588.0 |
        Bailey |    448 |    448 |      0 |    131 |     68 |   1 |  448.0 |
               +--------+--------+--------+--------+--------+-----+--------+

Top non-repeatable levels by time:
     D:8: 1718 daAuts
    D:10: 1389 daAuts
     D:1: 1233 daAuts
     D:6: 1066 daAuts
     D:9: 1039 daAuts
     D:5: 955 daAuts
     D:7: 820 daAuts
     D:3: 815 daAuts
   Sewer: 588 daAuts
     D:4: 488 daAuts
  Bailey: 448 daAuts
     D:2: 430 daAuts
    D:11: 280 daAuts
